 Dungeon Crawl Stone Soup version 0.24-a0-416-g56ce5178b7 (webtiles) character file.

Game seed: 16716251113261097969

680 Amnesiac the Insei (level 7, -3/43 HPs)
             Began as an Octopode Transmuter on June 9, 2019.
             Slain by a worm (11 damage)
             ... on level 3 of the Dungeon.
             The game lasted 00:07:41 (1421 turns).

Amnesiac the Insei (Octopode Transmuter)            Turns: 1421, Time: 00:07:42

Health: -3/43      AC:  2    Str: 10    XL:     7   Next: 60%
Magic:  7/10       EV: 20    Int: 15    God:
Gold:   144        SH:  0    Dex: 19    Spells: 3/10 levels left

rFire    . . .     SeeInvis .     - Unarmed
rCold    . . .     Gourm    .   (shield currently unavailable)
rNeg     . . .     Faith    .   (helmet currently unavailable)
rPois    x         Spirit   .   (no amulet)
rElec    .         Reflect  .   (no ring)
rCorr    .         Harm     .   (no ring)
MR       .....                  (no ring)
Stlth    ++........             (no ring)
HPRegen  0.14/turn              (no ring)
MPRegen  0.12/turn              (no ring)
                                (no ring)
                                (no ring)

@: spider-form (expiring)
A: tiny, almost no armour, stealthy swim, (amphibious), 8 rings, (constrict 8)
a: End Transformation


You were on level 3 of the Dungeon.
You were not hungry.
You were a venomous arachnid creature.
You visited 1 branch of the dungeon, and saw 4 of its levels.
You also visited: Sewer.

You collected 144 gold pieces.

Inventory:

Missiles
 a - 24 arrows
Scrolls
 b - 2 scrolls of remove curse {!r, unknown}
 e - a scroll of amnesia {!r}
Potions
 f - a potion of haste {!q}
 g - 2 potions of curing {!q, unknown}
 h - a potion of brilliance {!q, unknown}
Comestibles
 c - 2 rations
 d - a chunk of flesh


   Skills:
 - Level 1.0 Fighting
 - Level 2.0 Dodging
 + Level 6.2 Unarmed Combat
 - Level 2.0 Spellcasting
 + Level 6.2 Transmutations


You had 3 spell levels left.
You knew the following spells:

 Your Spells              Type           Power        Failure   Level  Hunger
a - Beastly Appendage     Tmut           ###...       7%          1    #......
b - Sticks to Snakes      Tmut           ###.....     10%         2    ###....
c - Summon Butterflies    Summ           #.......     43%         1    #......
e - Spider Form           Tmut/Pois      ##........   38%         3    ###....

Your spell library contained the following spells:

 Spells                   Type           Power        Failure   Level  Hunger
 Call Canine Familiar     Summ           #.......     75%         3    ###....
 Blade Hands              Tmut           ###.......   65%         5    ######.
 Ice Form                 Ice/Tmut       ##......     73%         4    #####..
 Summon Ice Beast         Ice/Summ       #.......     98%         4    #####..
 Summon Mana Viper        Hex/Summ       #.......     100%        5    ######.
 Summon Hydra             Summ           #.........   100%        7    #######


Dungeon Overview and Level Annotations

Branches:
Dungeon (4/15)
 Temple: D:4-7

Altars:

Annotations:
D:4 Edmund


Innate Abilities, Weirdness & Mutations

You cannot wear most types of armour.
You are very stealthy in the water. (Stealth+)
((You are amphibious.))
You can wear up to eight rings at the same time.
((You can use your tentacles to constrict eight enemies at once.))
((Your skin changes colour to match your surroundings (Stealth+).))
((Your rubbery body absorbs attacks. (AC +1, EV +1)))


Message History

Pikel freezes you.
* * * LOW HITPOINT WARNING * * *
Unknown command.
You kill Pikel!
Your Unarmed Combat skill gained 2 levels and is now at level 6!
Your Transmutations skill gained 2 levels and is now at level 6!
You have reached level 7!
Things that are here:
a +2 whip of freezing; a +2 robe of magic resistance
There is a stone staircase leading up here.
You climb upwards.
The goblin shouts!
A frilled lizard and a goblin come into view.
The frilled lizard hisses angrily.
The goblin barely misses you.
Found a ration.
There is a stone staircase leading down here.
Your transformation is almost over.
Found a dark potion.
You hit the goblin.
The goblin is severely wounded.
The goblin barely misses you.
You barely miss the goblin.
The goblin is severely wounded.
The goblin barely misses you.
You hit the goblin but do no damage.
The goblin is poisoned.
The goblin is severely wounded.
You kill the goblin!
You bite the goblin!
You kill the goblin!
You hit the frilled lizard.
You kill the frilled lizard!
You now have 144 gold pieces (gained 15).
Things that are here:
a cursed -1 club; a +0 club; a frilled lizard corpse You butcher the frilled lizard corpse.
Your transformation has ended.
d - 2 chunks of flesh (gained 1)
Things that are here:
a cursed -1 club; a +0 club; a frilled lizard skeleton There isn't anything to butcher here.
There isn't anything to butcher here.
c - 2 rations (gained 1)
A kobold comes into view. It is wielding a +0 short sword.
The kobold shouts!
You see here a dark potion {!q}.
h - a dark potion {!q}
Casting: Spider Form (safe; 19% risk of failure)
Confirm with . or Enter, or press ? or * to list all spells.
You turn into a venomous arachnid creature.
You hit the kobold.
You kill the kobold!
Things that are here:
a +0 short sword; a kobold corpse Eating one of 2 chunks of flesh.
You eat one of the 2 chunks of flesh.
This raw flesh tastes terrible.
Unknown command.
(D) Dungeon
Where to? (? - help)
What level of the Dungeon? (default 1, ? - help)
Your transformation is almost over.
There is a stone staircase leading down here.
You climb downwards.
The worm bites you!
You die...

... .##
#.#
#.##.##
#.# #....#
#.# ##...#
#.# ##[.#
#.. ##<.##
#...#
#....#w#
##.###s#
.#######.#
.........#
###.##.##
#.# #.#
#.########
#.>.......
##########


You could see a worm.

Vanquished Creatures
  Pikel (D:3)
  Purgy (Sewer)
  A scorpion (D:4)
  A worker ant (D:4)
  2 adders
  A river rat (D:4)
  A worm (D:4)
  A leopard gecko (D:3)
  4 orcs (D:4)
  A ball python (D:4)
  5 bats (Sewer)
  A giant cockroach (D:2)
  3 goblins
  2 hobgoblins
  4 frilled lizards
  A jackal skeleton (D:4)
  2 kobolds (D:2)
  A rat (D:1)
33 creatures vanquished.

Vanquished Creatures (collateral kills)
  An adder skeleton (D:4)
1 creature vanquished.

Grand Total: 34 creatures vanquished

Notes
Turn   | Place    | Note
-------+----------+-------------------------------------------
     0 | D:1      | Amnesiac the Octopode Transmuter began the quest for the
                  | Orb.
     0 | D:1      | Reached XP level 1. HP: 13/13 MP: 3/3
   148 | D:2      | Reached XP level 2. HP: 9/18 MP: 5/5
   242 | D:2      | Learned a level 2 spell: Sticks to Snakes
   570 | D:4      | Noticed Edmund
   590 | D:4      | Reached XP level 3. HP: 21/23 MP: 3/6
   640 | D:4      | Noticed a scorpion
   650 | D:4      | Found a glowing drain.
   660 | Sewer    | Entered a sewer
   693 | Sewer    | Learned a level 3 spell: Spider Form
   790 | Sewer    | Noticed Purgy
   889 | Sewer    | Killed Purgy
   889 | Sewer    | Reached XP level 4. HP: 11/28 MP: 2/7
   889 | Sewer    | Reached XP level 5. HP: 13/33 MP: 2/8
  1058 | Sewer    | Learned a level 1 spell: Summon Butterflies
  1267 | D:4      | Reached XP level 6. HP: 33/38 MP: 5/9
  1325 | D:4      | Noticed Pikel
  1325 | D:4      | Noticed a slave
  1325 | D:4      | Noticed a slave
  1355 | D:4      | Noticed a slave
  1379 | D:3      | Killed Pikel
  1379 | D:3      | Reached XP level 7. HP: 2/43 MP: 5/10
  1421 | D:3      | Slain by a worm

Levels and vault maps discovered:
D:1:      shiori_arrival_oz, layout_basic, minmay_gold_behind_fungi
D:2:      layout_loops_ring, lemuel_crystal_altar, lemuel_round_altar,
          uniq_crazy_yiuf_cottage
D:3:      layout_loops_ring, first_ration, fedhas_altar_1
D:4:      layout_cave_pools, kennysheep_mini, cheibrodos_sewer_entry_sluice,
          gammafunk_ghost_cemetery, uniq_edmund, uniq_pikel

Skill      XL: |  1  2  3  4  5  6 |
---------------+-------------------+-----
Transmutations | 3 4 6 |  6.2
Unarmed Combat | 4 6 |  6.2
Fighting       | |  1.0
Dodging        | |  2.0
Spellcasting   | |  2.0

Action                   |  1- 3 |  4- 6 |  7- 9 || total
-------------------------+-------+-------+-------++-------
Melee: Unarmed           |    59 |    35 |     6 ||   100
       Constrict         |    14 |     4 |       ||    18
       Tentacles         |     7 |     4 |       ||    11
       Punch             |     1 |       |       ||     1
 Cast: Sticks to Snakes  |     4 |       |       ||     4
       Spider Form       |     1 |     5 |     1 ||     7
  Use: Potion            |     1 |       |       ||     1
       Scroll            |     2 |       |       ||     2
 Stab: Sleeping          |     2 |       |       ||     2
  Eat: Chunk             |       |     2 |     1 ||     3
Armor: Skin              |    11 |     1 |       ||    12
Dodge: Dodged            |    64 |    27 |     3 ||    94

Table legend:
 A = Non-vault XP
 B = Vault XP
 C = Vault XP percentage of total XP
 D = Non-vault monster count
 E = Vault monster count
 F = Vault count percentage of total count
                 A         B        C        D         E       F
            +---------+---------+-------+---------+---------+-------
      Total |     168 |     804 |  82.7 |      24 |      10 |  29.4
            +---------+---------+-------+---------+---------+-------
        D:1 |       7 |       0 |   0.0 |       5 |       0 |   0.0
        D:2 |      20 |       0 |   0.0 |       7 |       0 |   0.0
        D:3 |       5 |     641 |  99.2 |       2 |       1 |  33.3
        D:4 |     136 |      20 |  12.8 |      10 |       3 |  23.1
      Sewer |       0 |     143 | 100.0 |       0 |       6 | 100.0
            +---------+---------+-------+---------+---------+-------
